Login

San Jose Barracuda vs Calgary Wranglers

Created - 30 March 2024 at 23:06

Goals
1 2 3 OT1 T
San Jose Barracuda 0 1 0 0 1
Calgary Wranglers 0 1 0 1 2
Shots
1 2 3 OT1 T
San Jose Barracuda 6 9 0 2 17
Calgary Wranglers 3 5 2 2 12

GoalsPenalties
1st period
No Goal
No Penalty
2nd period
1. Calgary Wranglers , Connor Zary 2 (Ilya Solovyov 3, Brady Lyle 4) at 1:14
2. San Jose Barracuda , Jacob MacDonald 1 (Ozzy Wiesblatt 1) at 10:11 (PP)
Adam Klapka (CLG) for Delaying the game (Minor) at 8:13
Nick Cicek (SJB) for Holding (Minor) at 10:58
3rd period
No Goal
No Penalty
Overtime #1
3. Calgary Wranglers , Matt Coronato 8 (Brady Lyle 5, Ilya Nikolaev 1) at 2:33
No Penalty
Goalie Stats
Adam Scheel (SJB), 10 saves from 12 shots - (0.833), OTL, 0-2-1, 62:33 minutes
Oscar Dansk (CLG), 16 saves from 17 shots - (0.941), W, 5-1-1, 62:33 minutes
3 StarsOfficial
1 - Connor Zary (CLG)
2 - Matt Coronato (CLG)
3 - Brady Lyle (CLG)
Referees : Corey Syvret and Graham Skilliter
Linesman : Pierre Racicot and Brandon Gawryletz
Game Note
2:33 of 1st overtime period - Calgary Wranglers goal is going for a video replay. After video review, Goal.
Finance
Level 1 -- Attendance: 1693 (84.65%) -- Ticket Income $59,255
Level 2 -- Attendance: 1000 (100.00%) -- Ticket Income $15,000
Total Attendance: 2693 (89.77%)
Total Ticket Income: $74,255
Other Income: $36,385
Total Income: $110,640



Team Name Goals Shots Shots Attemp Shots Blocked PIM HIT PP PK FO%
San Jose Barracuda 1172682251 / 1 (100%)050%
Calgary Wranglers 2122842230 / 1 (0%)150%

San Jose Barracuda
Player Name POS G A P +/- PIM HIT SHT SB MP PP MP PP SHT PK MP PK SHT FO% FOT GA TA
Blade JenkinsLW0000010016:110:1600:2800% 000
Brandon CoeC0000010013:430:0000:1000% 000
Cameron HillisC000000001:550:0000:0000% 000
Jacob MacDonaldD1010022020:370:4210:3500% 010
Keaton MastrodonatoC000000000:400:0000:0000% 000
Leon GawankeD0000010020:340:4201:0700% 000
Martin KautRW0000011019:550:5100:0000% 000
Nathan ToddRW000-1013017:280:5100:0000% 000
Nick CicekD000-1220122:581:1600:0000% 000
Oskar LindblomLW000-2034319:350:5100:1400% 210
Ozzy WiesblattRW0110020115:570:1600:0000% 000
Radim SimekD000-2042124:351:1601:2400% 010
Ryan CarpenterC0000020120:020:5101:05044% 900
Scott SabourinC0000032116:140:1600:000100% 101
Shakir MukhamadullinD0000000017:280:0000:5200% 000
Tristen RobinsC000-1011019:490:5100:53067% 300
William EklundLW000-1012021:540:5101:080100% 111
Zachary MassicotteD0000000016:040:0000:0000% 000
Calgary Wranglers
Player Name POS G A P +/- PIM HIT SHT SB MP PP MP PP SHT PK MP PK SHT FO% FOT GA TA
Adam KlapkaRW0001210118:210:5500:0000% 000
Ben JonesC0000001119:331:0400:34050% 601
Brady LyleD0221012123:191:1801:1400% 010
Clark BishopC0000010015:510:0000:3000% 200
Cole SchwindtC0001002017:580:5500:00025% 410
Colton PoolmanD0000000017:260:0000:0000% 000
Connor ZaryLW1011042018:430:5500:3400% 000
Ilya NikolaevC0111020010:500:0000:000100% 200
Ilya SolovyovD0111010024:061:1801:1400% 002
Jakob PelletierLW000000001:030:0000:0000% 000
Jeremie PoirierD0001031020:200:4100:4400% 000
Keaton ThompsonD0000010017:360:0000:0000% 000
Martin PospisilLW0000010017:050:0000:000100% 100
Mathias Emilio PettersenLW0000020117:471:0400:540100% 100
Matt CoronatoRW1011044021:351:0400:5100% 000
Parker BellLW0000010016:180:0000:3300% 001
Rory KerinsC000000007:560:0000:0000% 000
Yan KuznetsovD0000010019:530:4100:4400% 000

San Jose Barracuda

5 vs 5 Forward
Line #Left WingCenterRight WingPHYDFOFWanted %Time %Time Play
1William EklundRyan CarpenterMartin Kaut1224029%16:02
2Oskar LindblomTristen RobinsNathan Todd1223035%19:39
3Blade JenkinsScott SabourinOzzy Wiesblatt1222024%13:35
4William EklundBrandon CoeMartin Kaut1221012%6:47
5 vs 5 Defense
Line #DefenseDefensePHYDFOFWanted %Time %Time Play
1Radim SimekNick Cicek1224036%19:54
2Jacob MacDonaldLeon Gawanke1223036%19:54
3Shakir MukhamadullinZachary Massicotte1222024%13:30
4Radim SimekNick Cicek122105%2:45
Power Play Forward
Line #Left WingCenterRight WingPHYDFOFWanted %Time %Time Play
1William EklundRyan CarpenterMartin Kaut1226057%1:07
2Oskar LindblomTristen RobinsNathan Todd1224043%0:51
Power Play Defense
Line #DefenseDefensePHYDFOFWanted %Time %Time Play
1Radim SimekNick Cicek1226064%1:16
2Jacob MacDonaldLeon Gawanke1224036%0:42
Penalty Kill 4 Players Forward
Line #CenterWingPHYDFOFWanted %Time %Time Play
1Ryan CarpenterWilliam Eklund1226088%1:45
2Tristen RobinsOskar Lindblom1224012%0:14
Penalty Kill 4 Players Defense
Line #DefenseDefensePHYDFOFWanted %Time %Time Play
1Radim SimekNick Cicek1226071%1:24
2Jacob MacDonaldLeon Gawanke1224029%0:35
Penalty Kill 3 Players
Line #WingPHYDFOFWanted %Time %Time PlayDefenseDefensePHYDFOFWanted %Time %Time Play
1Ryan Carpenter122600%0:00 Radim SimekNick Cicek122600%0:00
2Tristen Robins122400%0:00 Jacob MacDonaldLeon Gawanke122400%0:00
4 vs 4 Forward
Line #CenterWingPHYDFOFWanted %Time %Time Play
1Ryan CarpenterWilliam Eklund122600%0:00
2Tristen RobinsOskar Lindblom122400%0:00
4 vs 4 Defense
Line #DefensePHYDFOFWanted %Time %Time Play
1Radim SimekNick Cicek122600%0:00
2Jacob MacDonaldLeon Gawanke122400%0:00
Last Minutes Offensive
Left WingCenterRight WingDefenseDefense
William EklundRyan CarpenterMartin KautRadim SimekNick Cicek
Last Minutes Defensive
Left WingCenterRight WingDefenseDefense
William EklundRyan CarpenterMartin KautRadim SimekNick Cicek
Time
Total ForwardTotal DefenseLast Minutes OffensiveLast Minutes Defensive
60:00 60:00 0:000:00
Extra Forwards
Normal PowerPlayPenalty Kill
Tristen Robins, Scott Sabourin, Brandon CoeTristen Robins, Scott SabourinTristen Robins
Extra Defensemen
Normal PowerPlayPenalty Kill
Leon Gawanke, Shakir Mukhamadullin, Zachary MassicotteLeon Gawanke, Leon GawankeShakir Mukhamadullin
Penalty Shots
William Eklund, Oskar Lindblom, Ryan Carpenter, Martin Kaut, Tristen Robins
Goalie
Adam Scheel, Eetu Makiniemi
Custom OT Lines Forwards
William Eklund, Oskar Lindblom, Ryan Carpenter, Martin Kaut, Tristen Robins, Scott Sabourin, Brandon Coe, Nathan Todd, Ozzy Wiesblatt, Blade Jenkins
Custom OT Lines Defensemen
Radim Simek, Nick Cicek, Jacob MacDonald, Leon Gawanke, Shakir Mukhamadullin
Scratches
Kyle Burroughs (Healthy), Connor Corcoran (Healthy), Xavier Cormier (Healthy), Jacob Peterson (Back Injury), Luke Richardson (Healthy)

Calgary Wranglers

5 vs 5 Forward
Line #Left WingCenterRight WingPHYDFOFWanted %Time %Time Play
1Martin PospisilBen JonesMatt Coronato1224030%16:49
2Connor ZaryCole SchwindtAdam Klapka1223034%18:54
3Mathias Emilio PettersenClark BishopParker Bell1222023%13:06
4Parker BellRory KerinsMatt Coronato1221013%7:14
5 vs 5 Defense
Line #DefenseDefensePHYDFOFWanted %Time %Time Play
1Ilya SolovyovBrady Lyle1224034%19:07
2Jeremie PoirierYan Kuznetsov1223036%20:19
3Colton PoolmanKeaton Thompson1222028%15:40
4Ilya SolovyovBrady Lyle122102%0:57
Power Play Forward
Line #Left WingCenterRight WingPHYDFOFWanted %Time %Time Play
1Mathias Emilio PettersenBen JonesMatt Coronato1226054%1:04
2Connor ZaryCole SchwindtAdam Klapka1224046%0:55
Power Play Defense
Line #DefenseDefensePHYDFOFWanted %Time %Time Play
1Ilya SolovyovBrady Lyle1226066%1:18
2Jeremie PoirierYan Kuznetsov1224034%0:41
Penalty Kill 4 Players Forward
Line #CenterWingPHYDFOFWanted %Time %Time Play
1Mathias Emilio PettersenMatt Coronato1226071%1:24
2Connor ZaryBen Jones1224029%0:34
Penalty Kill 4 Players Defense
Line #DefenseDefensePHYDFOFWanted %Time %Time Play
1Ilya SolovyovBrady Lyle1226063%1:14
2Jeremie PoirierYan Kuznetsov1224037%0:44
Penalty Kill 3 Players
Line #WingPHYDFOFWanted %Time %Time PlayDefenseDefensePHYDFOFWanted %Time %Time Play
1Ben Jones122600%0:00 Ilya SolovyovBrady Lyle122600%0:00
2Matt Coronato122400%0:00 Jeremie PoirierYan Kuznetsov122400%0:00
4 vs 4 Forward
Line #CenterWingPHYDFOFWanted %Time %Time Play
1Martin PospisilMatt Coronato122600%0:00
2Connor ZaryBen Jones122400%0:00
4 vs 4 Defense
Line #DefensePHYDFOFWanted %Time %Time Play
1Ilya SolovyovBrady Lyle122600%0:00
2Jeremie PoirierYan Kuznetsov122400%0:00
Last Minutes Offensive
Left WingCenterRight WingDefenseDefense
Connor ZaryBen JonesMatt CoronatoIlya SolovyovBrady Lyle
Last Minutes Defensive
Left WingCenterRight WingDefenseDefense
Connor ZaryBen JonesMatt CoronatoIlya SolovyovBrady Lyle
Time
Total ForwardTotal DefenseLast Minutes OffensiveLast Minutes Defensive
60:00 60:00 0:000:00
Extra Forwards
Normal PowerPlayPenalty Kill
Martin Pospisil, Ilya Nikolaev, Mathias Emilio PettersenMartin Pospisil, Ilya NikolaevMathias Emilio Pettersen
Extra Defensemen
Normal PowerPlayPenalty Kill
Colton Poolman, Keaton Thompson, Jeremie PoirierColton Poolman, Keaton ThompsonJeremie Poirier
Penalty Shots
Cole Schwindt, Matt Coronato, Connor Zary, Ben Jones, Mathias Emilio Pettersen
Goalie
Oscar Dansk, Dustin Wolf
Custom OT Lines Forwards
Ilya Nikolaev, Matt Coronato, Connor Zary, Ben Jones, Mathias Emilio Pettersen, Cole Schwindt, Adam Klapka, Clark Bishop, Parker Bell, Martin Pospisil
Custom OT Lines Defensemen
Ilya Solovyov, Brady Lyle, Jeremie Poirier, Yan Kuznetsov, Colton Poolman
Scratches
William Stromgren (Healthy), Daniil Chechelev (Healthy)


Play-by-Play

1st period


0:01 of 1st period - Ryan Carpenter wins face-off versus Ben Jones in neutral zone.
0:11 of 1st period - Snap shot by Martin Kaut.
0:11 of 1st period - Stopped by Oscar Dansk with a rebound.
0:27 of 1st period - Radim Simek is hit by Ilya Solovyov and loses puck.
0:38 of 1st period - Wrist shot by Connor Zary.
0:38 of 1st period - Shot Misses the Net.
0:40 of 1st period - Snap shot by Cole Schwindt.
0:40 of 1st period - Stopped by Adam Scheel with a rebound.
0:58 of 1st period - Slapshot by Radim Simek.
0:58 of 1st period - Shot Blocked by Mathias Emilio Pettersen.
1:00 of 1st period - Slapshot by Radim Simek.
1:00 of 1st period - Deflect By Scott Sabourin.
1:00 of 1st period - Stopped by Oscar Dansk with a rebound.
1:02 of 1st period - Wrist shot by Radim Simek.
1:02 of 1st period - Stopped by Oscar Dansk with a rebound.
1:47 of 1st period - Ben Jones is hit by Scott Sabourin and loses puck.
2:18 of 1st period - Snap shot by Cole Schwindt.
2:18 of 1st period - Stopped by Adam Scheel with a rebound.
2:50 of 1st period - Rory Kerins is hit by Radim Simek and loses puck.
4:52 of 1st period - Cole Schwindt is hit by Ozzy Wiesblatt and loses puck.
6:52 of 1st period - Tristen Robins is hit by Matt Coronato and loses puck.
7:21 of 1st period - Leon Gawanke is hit by Brady Lyle and loses puck.
9:13 of 1st period - Ilya Solovyov is hit by Oskar Lindblom.
10:28 of 1st period - Yan Kuznetsov is hit by Ryan Carpenter and loses puck.
11:09 of 1st period - Brady Lyle is hit by Radim Simek and loses puck.
11:39 of 1st period - Connor Zary is hit by Oskar Lindblom and loses puck.
12:00 of 1st period - Ozzy Wiesblatt is hit by Jeremie Poirier and loses puck.
12:22 of 1st period - Icing by Brady Lyle.
12:23 of 1st period - Ryan Carpenter wins face-off versus Clark Bishop in Calgary Wranglers zone.
13:13 of 1st period - Martin Pospisil is hit by Blade Jenkins and loses puck.
14:53 of 1st period - Off-side.
14:54 of 1st period - Scott Sabourin wins face-off versus Clark Bishop in neutral zone.
15:19 of 1st period - Snap shot by Oskar Lindblom.
15:19 of 1st period - Stopped by Oscar Dansk with a rebound.
15:21 of 1st period - Snap shot by Nathan Todd.
15:21 of 1st period - Stopped by Oscar Dansk with a rebound.
15:23 of 1st period - Slapshot by Radim Simek.
15:23 of 1st period - Stopped by Oscar Dansk with a rebound.
15:33 of 1st period - Slapshot by Connor Zary.
15:33 of 1st period - Shot Blocked by Ozzy Wiesblatt.
15:35 of 1st period - Snap shot by Ben Jones.
15:35 of 1st period - Stopped by Adam Scheel with a rebound.
16:11 of 1st period - Wrist shot by Matt Coronato.
16:11 of 1st period - Shot Misses the Net.
16:45 of 1st period - Jacob MacDonald is hit by Matt Coronato and loses puck.
18:35 of 1st period - Cole Schwindt is hit by Tristen Robins and loses puck.
18:48 of 1st period - Scott Sabourin is hit by Jeremie Poirier and loses puck.
Goals for this period are 0 for San Jose Barracuda vs 0 for Calgary Wranglers.
Shots for this period are 6 for San Jose Barracuda vs 3 for Calgary Wranglers.

2nd period


0:01 of 2nd period - Ben Jones wins face-off versus Ryan Carpenter in neutral zone.
0:31 of 2nd period - Slapshot by Oskar Lindblom.
0:31 of 2nd period - Stopped by Oscar Dansk without a rebound.
0:32 of 2nd period - Tristen Robins wins face-off versus Cole Schwindt in Calgary Wranglers zone.
0:37 of 2nd period - Wrist shot by Oskar Lindblom.
0:37 of 2nd period - Shot Misses the Net.
0:39 of 2nd period - Wrist shot by Oskar Lindblom.
0:39 of 2nd period - Shot Misses the Net.
0:41 of 2nd period - Snap shot by Nathan Todd.
0:41 of 2nd period - Deflect By Oskar Lindblom.
0:41 of 2nd period - Stopped by Oscar Dansk with a rebound.
0:43 of 2nd period - Slapshot by Jacob MacDonald.
0:43 of 2nd period - Stopped by Oscar Dansk with a rebound.
0:45 of 2nd period - Wrist shot by Tristen Robins.
0:45 of 2nd period - Stopped by Oscar Dansk with a rebound.
0:47 of 2nd period - Wrist shot by Nathan Todd.
0:47 of 2nd period - Shot Blocked by Adam Klapka.
0:49 of 2nd period - Slapshot by Jacob MacDonald.
0:49 of 2nd period - Shot Hit the Post.
0:51 of 2nd period - Snap shot by Nathan Todd.
0:51 of 2nd period - Stopped by Oscar Dansk with a rebound.
0:53 of 2nd period - Snap shot by Nathan Todd.
0:53 of 2nd period - Stopped by Oscar Dansk with a rebound.
0:59 of 2nd period - Radim Simek is hit by Adam Klapka and loses puck.
1:04 of 2nd period - Snap shot by Connor Zary.
1:04 of 2nd period - Shot Misses the Net.
1:06 of 2nd period - Wrist shot by Brady Lyle.
1:06 of 2nd period - Stopped by Adam Scheel with a rebound.
1:08 of 2nd period - Slapshot by Ilya Solovyov.
1:08 of 2nd period - Shot Misses the Net.
1:12 of 2nd period - Wrist shot by Connor Zary.
1:12 of 2nd period - Shot Blocked by Oskar Lindblom.
1:14 of 2nd period - Slapshot by Connor Zary.
1:14 of 2nd period - Goal by Connor Zary - San Jose Barracuda : 0 - Calgary Wranglers : 1.
1:15 of 2nd period - Ben Jones wins face-off versus Ryan Carpenter in neutral zone.
2:03 of 2nd period - Leon Gawanke is hit by Connor Zary and loses puck.
2:11 of 2nd period - Wrist shot by Connor Zary.
2:11 of 2nd period - Stopped by Adam Scheel with a rebound.
2:21 of 2nd period - Ben Jones is hit by Martin Kaut and loses puck.
3:35 of 2nd period - Wrist shot by Connor Zary.
3:35 of 2nd period - Shot Blocked by Oskar Lindblom.
4:25 of 2nd period - Wrist shot by William Eklund.
4:25 of 2nd period - Stopped by Oscar Dansk with a rebound.
5:44 of 2nd period - Shakir Mukhamadullin is hit by Matt Coronato and loses puck.
8:13 of 2nd period - Minor Penalty to Adam Klapka for Delaying the game.
8:14 of 2nd period - Mathias Emilio Pettersen wins face-off versus Ryan Carpenter in Calgary Wranglers zone.
8:43 of 2nd period - Mathias Emilio Pettersen is hit by Ryan Carpenter.
9:01 of 2nd period - Connor Zary is hit by Nathan Todd and loses puck.
10:06 of 2nd period - Ilya Solovyov is hit by Radim Simek and loses puck.
10:11 of 2nd period - Backhand shot by Jacob MacDonald.
10:11 of 2nd period - Goal by Jacob MacDonald - San Jose Barracuda : 1 - Calgary Wranglers : 1.
10:12 of 2nd period - Ben Jones wins face-off versus Ryan Carpenter in neutral zone.
10:15 of 2nd period - Wrist shot by Matt Coronato.
10:15 of 2nd period - Stopped by Adam Scheel with a rebound.
10:21 of 2nd period - Slapshot by Jacob MacDonald.
10:21 of 2nd period - Deflect By William Eklund.
10:21 of 2nd period - Stopped by Oscar Dansk without a rebound.
10:22 of 2nd period - Ryan Carpenter wins face-off versus Ben Jones in Calgary Wranglers zone.
10:49 of 2nd period - Snap shot by William Eklund.
10:49 of 2nd period - Deflect By Martin Kaut.
10:49 of 2nd period - Shot Blocked by Ben Jones.
10:49 of 2nd period - Puck is out of play.
10:50 of 2nd period - Cole Schwindt wins face-off versus Tristen Robins in Calgary Wranglers zone.
10:58 of 2nd period - Minor Penalty to Nick Cicek for Holding.
10:59 of 2nd period - Ryan Carpenter wins face-off versus Ben Jones in San Jose Barracuda zone.
11:52 of 2nd period - Icing by Jeremie Poirier.
11:53 of 2nd period - Tristen Robins wins face-off versus Cole Schwindt in Calgary Wranglers zone.
12:58 of 2nd period - Penalty to Nick Cicek is over, Nick Cicek is back on ice.
13:04 of 2nd period - Slapshot by Jeremie Poirier.
13:04 of 2nd period - Stopped by Adam Scheel with a rebound.
13:06 of 2nd period - Wrist shot by Matt Coronato.
13:06 of 2nd period - Shot Misses the Net.
13:28 of 2nd period - Scott Sabourin is hit by Martin Pospisil and loses puck.
14:46 of 2nd period - Brady Lyle is hit by William Eklund and loses puck.
15:37 of 2nd period - Connor Zary is hit by Scott Sabourin and loses puck.
16:12 of 2nd period - Colton Poolman is hit by Oskar Lindblom and loses puck.
16:23 of 2nd period - Clark Bishop is hit by Jacob MacDonald and loses puck.
Goals for this period are 1 for San Jose Barracuda vs 1 for Calgary Wranglers.
Shots for this period are 9 for San Jose Barracuda vs 5 for Calgary Wranglers.

3rd period


0:01 of 3rd period - Martin Pospisil wins face-off versus Ryan Carpenter in neutral zone.
0:08 of 3rd period - Wrist shot by Matt Coronato.
0:08 of 3rd period - Stopped by Adam Scheel with a rebound.
0:10 of 3rd period - Wrist shot by Ben Jones.
0:10 of 3rd period - Shot Misses the Net.
0:12 of 3rd period - Wrist shot by Brady Lyle.
0:12 of 3rd period - Shot Blocked by Ryan Carpenter.
0:14 of 3rd period - Slapshot by Brady Lyle.
0:14 of 3rd period - Stopped by Adam Scheel with a rebound.
0:16 of 3rd period - Snap shot by Ilya Solovyov.
0:16 of 3rd period - Shot Blocked by Radim Simek.
0:51 of 3rd period - Radim Simek is hit by Jeremie Poirier and loses puck.
1:06 of 3rd period - Martin Kaut is hit by Matt Coronato.
1:28 of 3rd period - Connor Zary is hit by Jacob MacDonald and loses puck.
2:40 of 3rd period - Matt Coronato is hit by Radim Simek and loses puck.
3:03 of 3rd period - Ozzy Wiesblatt is hit by Connor Zary and loses puck.
3:16 of 3rd period - Shakir Mukhamadullin is hit by Clark Bishop and loses puck.
3:23 of 3rd period - Nick Cicek is hit by Parker Bell and loses puck.
3:41 of 3rd period - Adam Klapka is hit by Nick Cicek and loses puck.
4:28 of 3rd period - Oskar Lindblom is hit by Ilya Nikolaev and loses puck.
10:41 of 3rd period - Yan Kuznetsov is hit by Ozzy Wiesblatt and loses puck.
11:00 of 3rd period - Brandon Coe is hit by Mathias Emilio Pettersen.
12:10 of 3rd period - Leon Gawanke is hit by Keaton Thompson and loses puck.
12:45 of 3rd period - Matt Coronato is hit by Brandon Coe and loses puck.
14:33 of 3rd period - Connor Zary is hit by Nick Cicek and loses puck.
14:44 of 3rd period - Radim Simek is hit by Ilya Nikolaev and loses puck.
15:16 of 3rd period - Ryan Carpenter is hit by Connor Zary and loses puck.
17:18 of 3rd period - Martin Kaut is hit by Yan Kuznetsov.
18:15 of 3rd period - Icing by Parker Bell.
18:16 of 3rd period - William Eklund wins face-off versus Cole Schwindt in Calgary Wranglers zone.
18:55 of 3rd period - Ryan Carpenter is hit by Mathias Emilio Pettersen and loses puck.
19:13 of 3rd period - Ben Jones is hit by Scott Sabourin and loses puck.
19:22 of 3rd period - Martin Pospisil is hit by Leon Gawanke and loses puck.
Goals for this period are 0 for San Jose Barracuda vs 0 for Calgary Wranglers.
Shots for this period are 0 for San Jose Barracuda vs 2 for Calgary Wranglers.

Overtime #1


0:01 of 1st overtime period - Ilya Nikolaev wins face-off versus Oskar Lindblom in neutral zone.
0:04 of 1st overtime period - Slapshot by Ilya Solovyov.
0:04 of 1st overtime period - Shot Blocked by Oskar Lindblom.
0:10 of 1st overtime period - Slapshot by Radim Simek.
0:10 of 1st overtime period - Shot Misses the Net.
0:16 of 1st overtime period - Wrist shot by Oskar Lindblom.
0:16 of 1st overtime period - Stopped by Oscar Dansk with a rebound.
0:26 of 1st overtime period - Martin Kaut is hit by Connor Zary and loses puck.
1:14 of 1st overtime period - Snap shot by Tristen Robins.
1:14 of 1st overtime period - Deflect By Scott Sabourin.
1:14 of 1st overtime period - Stopped by Oscar Dansk with a rebound.
1:16 of 1st overtime period - Wrist shot by Radim Simek.
1:16 of 1st overtime period - Shot Misses the Net.
1:22 of 1st overtime period - Snap shot by Jacob MacDonald.
1:22 of 1st overtime period - Shot Blocked by Brady Lyle.
2:15 of 1st overtime period - Slapshot by Jeremie Poirier.
2:15 of 1st overtime period - Shot Misses the Net.
2:17 of 1st overtime period - Slapshot by Jeremie Poirier.
2:17 of 1st overtime period - Shot Blocked by Scott Sabourin.
2:19 of 1st overtime period - Slapshot by Adam Klapka.
2:19 of 1st overtime period - Shot Blocked by Nick Cicek.
2:21 of 1st overtime period - Wrist shot by Clark Bishop.
2:21 of 1st overtime period - Deflect By Adam Klapka.
2:21 of 1st overtime period - Shot Misses the Net.
2:21 of 1st overtime period - Puck is out of play.
2:22 of 1st overtime period - Ilya Nikolaev wins face-off versus Oskar Lindblom in San Jose Barracuda zone.
2:31 of 1st overtime period - Wrist shot by Matt Coronato.
2:31 of 1st overtime period - Stopped by Adam Scheel with a rebound.
2:33 of 1st overtime period - Wrist shot by Matt Coronato.
2:33 of 1st overtime period - Calgary Wranglers goal is going for a video replay.
2:33 of 1st overtime period - The goal is good.
2:33 of 1st overtime period - Goal by Matt Coronato - San Jose Barracuda : 1 - Calgary Wranglers : 2.
Goals for this period are 0 for San Jose Barracuda vs 1 for Calgary Wranglers.
Shots for this period are 2 for San Jose Barracuda vs 2 for Calgary Wranglers.